 Dungeon Sprint DCSS version 0.30-a0-269-gf0224bf7b6 (webtiles) character file.

Game seed: 15842499572219940132

300 Hubris850 the Severer (level 9, -2/74 HPs)
             Began as a Hill Orc Fighter on Oct 14, 2022.
             Was a High Priest of Qazlal.
             Constricted to death by a naga warlord (6 damage)
             ... in the Dungeon (Sprint VI: "Thunderdome").
             The game lasted 00:07:28 (681 turns).

Hubris850 the Severer (Hill Orc Fighter)             Turns: 681, Time: 00:07:30

Health: -2/74      AC:  7    Str: 26    XL:     9   Next: 51%
Magic:  17/22      EV:  6    Int: 15    God:    Qazlal [*****.]
Gold:   345        SH: 12    Dex: 12    Spells: 8/8 levels left

rFire   + . .      SeeInvis +    r - +0 broad axe
rCold   + + .      Faith    +    c - +0 buckler
rNeg    + . .      Spirit   .    b - +0 scale mail
rPois   .          Reflect  .    (no helmet)
rElec   +          Harm     .    (no cloak)
rCorr   +          Rampage  .    (no gloves)
Will    .....      NoTele   +    (no boots)
Stlth   ..........               p - amulet "Sogis" {Faith rF+ rC+ rN+}
HPRegen 0.32/turn                o - ring of Perfectionism {rCorr Str+3 Dex+2 Slay+3 SInv}
MPRegen 0.18/turn                q - ring of Oenomania {rElec rC+ Int+7}

@: lethally poisoned (-2 -> -5), constricted, repel missiles
A: no striking features
a: Renounce Religion, Upheaval, Elemental Force, Disaster Area


You were in the Dungeon.
You worshipped Qazlal.
Qazlal was extremely pleased with you.
You visited 1 branch You collected 600 gold pieces.
You spent 255 gold pieces at shops.

Inventory:

Hand Weapons
 a - a +0 war axe
 r - a +0 broad axe (weapon)
Armour
 b - a +0 scale mail (worn)
 c - a +0 buckler (worn)
Jewellery
 o - the ring of Perfectionism (left hand) {rCorr Str+3 Dex+2 Slay+3 SInv}
   (You bought it in a shop in the Dungeon)

   [ring of resist corrosion]

   Str:       It affects your strength (+3).
   Dex:       It affects your dexterity (+2).
   Slay:      It affects your accuracy & damage with ranged weapons and melee
   (+3).
   SInv:      It lets you see invisible.
   rCorr:     It protects you from acid and corrosion.
 p - the amulet "Sogis" (around neck) {Faith rF+ rC+ rN+}
   (You bought it in a shop in the Dungeon)

   [amulet of faith]

   It allows you to gain divine favour quickly.
   rF:        It protects you from fire.
   rC:        It protects you from cold.
   rN:        It protects you from negative energy.
 q - the ring of Oenomania (right hand) {rElec rC+ Int+7}
   (You bought it in a shop in the Dungeon)

   [ring of protection from cold]

   Int:       It affects your intelligence (+7).
   rC:        It protects you from cold.
   rElec:     It insulates you from electricity.
Wands
 l - a wand of light (5)
 m - a wand of iceblast (2)
Scrolls
 j - 4 scrolls of blinking
 n - 3 scrolls of butterflies
Potions
 d - a potion of might
 e - a potion of curing
 f - 4 potions of heal wounds
 g - 4 potions of haste
 h - 2 potions of magic
 i - a potion of berserk rage
 k - a potion of resistance


   Skills:
 - Level 5.0 Fighting
 - Level 18.0 Axes
 - Level 6.0 Armour
 - Level 0.4 Dodging
 - Level 1.8 Stealth
 - Level 6.0 Shields
 + Level 18.0 Invocations


You had 8 spell levels left.
You didn't know any spells.
Your spell library was empty.

Dungeon Overview and Level Annotations

Branches:
Dungeon (1/1)

Altars:
Cheibriados
Dithmenos
Fedhas
Gozag
Kikubaaqudgha
Makhleb
Okawaru
Qazlal
Ru
Sif Muna
Trog
Uskayaw
Vehumet
Wu Jian
Xom
Yredelemnul
Zin
The Shining One
Beogh
Lugonu

Shops:
D *[??*?*:[((!!!!


Message History

You start resting.
ROUND 5!
BOSS ROUND!
You sense a tension in the south.
A naga warlord comes into view. It is wielding a +0 dire flail.
The naga warlord shouts!
You block the naga warlord's attack. The naga warlord grabs you.
The naga warlord constricts you.
You slice the naga warlord!!
The naga warlord is lightly wounded.
You slash the naga warlord!
The naga warlord is moderately wounded.
The naga warlord hits you with a +0 dire flail!!
* * * LOW HITPOINT WARNING * * *
The naga warlord constricts you.
* * * LOW HITPOINT WARNING * * *
You slash the naga warlord!
The naga warlord is moderately wounded.
The naga warlord is engulfed in freezing vapours.
The naga warlord spits poison at you. The splash of poison hits you.
You are poisoned.
* * * LOW HITPOINT WARNING * * *
The naga warlord constricts you.
* * * LOW HITPOINT WARNING * * *
You feel much better.
You feel sick.
The naga warlord is engulfed in freezing vapours.
You block the naga warlord's attack. The naga warlord constricts you.
Aiming: Upheaval
Press: ? - help, Dir - move target, f - naga warlord
Aim: a naga warlord, wielding a +0 dire flail (freezing vapour, heavily wounded, constricting you, catching its breath) That beam is likely to hit you.
Continue anyway?
Okay, then.
Activating: Elemental Force (0% risk of failure)
Press: ? - help, Dir - look around, f - activate Clouds arounds you coalesce and take form!
You feel sick.
The naga warlord hits you with a +0 dire flail!!
* * * LOW HITPOINT WARNING * * *
The naga warlord constricts you.
You die...

#⌠..†.......# #.<.# #..........
#⌠........†.###...###.....†....
##............[###.(...(.......
###∩....(...8.# #.8........∩##
##∩___......###......___∩##
######.8.......(.8.######
#⌠.§....÷....⌠# ###EEE..÷...###
#.§@EE..._# #_.N.○..._#
#.EE......# #∩.......∩#
##∩.....∩## ##.....## ##⌠⌠⌠##
#####


You could see a naga warlord (catching breath, ally target), 3 friendly water
elementals, a friendly fire elemental (summoned) and 3 friendly air elementals.

Vanquished Creatures
  A hydra (D)
  2 bog bodies (D)
  2 tyrant leeches (D)
  Sigmund (D)
  A vampire mosquito (D)
  A water moccasin (D)
  A swamp drake (D)
  Jessica (D)
  3 adders (D)
  An orc (D)
  3 ball pythons (D)
  A hobgoblin (D)
  6 kobolds (D)
  A rat (D)
25 creatures vanquished.

Notes
Turn   | Place    | Note
-------+----------+-------------------------------------------
     0 | D        | Hubris850 the Hill Orc Fighter began the quest for the Orb.
     0 | D        | Reached XP level 1. HP: 19/19 MP: 1/1
     0 | D        | Found an ancient bone altar of Kikubaaqudgha.
     4 | D        | Found a snail-covered altar of Cheibriados.
     4 | D        | Found an iron altar of Okawaru.
     5 | D        | Found a bloodstained altar of Trog.
     5 | D        | Found a shimmering altar of Xom.
     5 | D        | Round 1.
     6 | D        | Found a shadowy altar of Dithmenos.
     6 | D        | Found an ornate altar of the Wu Jian Council.
     6 | D        | Found Ucrun's Identification Station.
     7 | D        | Found Qagut's Jewellery.
     7 | D        | Found Jipaippou's Advanced Armour.
    25 | D        | Bought an ancient iron ring for 45 gold pieces
    25 | D        | Identified the ring of Perfectionism {rCorr Str+3 Dex+2
                  | Slay+3 SInv} (You bought it in a shop in the Dungeon)
    25 | D        | Bought a fine copper amulet for 45 gold pieces
    25 | D        | Identified the amulet "Sogis" {Faith rF+ rC+ rN+} (You
                  | bought it in a shop in the Dungeon)
    25 | D        | Bought a clouded amber ring for 45 gold pieces
    25 | D        | Identified the ring of Oenomania {rElec rC+ Int+7} (You
                  | bought it in a shop in the Dungeon)
    25 | D        | Noticed Jessica
    37 | D        | Found an opulent altar of Gozag.
    39 | D        | Found Koda's Premium Goods.
    40 | D        | Found a hide-covered altar of Uskayaw.
    40 | D        | Found a radiant altar of Vehumet.
    40 | D        | Found Acsuats's Weapon Rack.
    40 | D        | Found Amaom's Miscellaneous Merchandise.
    40 | D        | Found Xezymaoc's Basic Armour.
    41 | D        | Noticed Sigmund
    59 | D        | Killed Sigmund
    60 | D        | Reached skill level 5 in Fighting
    60 | D        | Reached skill level 10 in Axes
    60 | D        | Reached skill level 1 in Stealth
    60 | D        | Reached XP level 2. HP: 24/29 MP: 2/2
    60 | D        | Reached XP level 3. HP: 30/36 MP: 3/3
    60 | D        | Reached XP level 4. HP: 35/42 MP: 4/4
    60 | D        | Reached XP level 5. HP: 40/48 MP: 5/5
    65 | D        | Found a shimmering blue altar of Sif Muna.
    65 | D        | Found a corrupted altar of Lugonu.
    66 | D        | Found a basalt altar of Yredelemnul.
    66 | D        | Found a stormy altar of Qazlal.
    66 | D        | Found Saeg's Magic Scroll Shop.
    66 | D        | Found Johos's Staff Store.
    67 | D        | Found Eruutsa's Magic Scroll Shop.
    67 | D        | Found Husobel's Must-Have Magic.
    69 | D        | Found a blossoming altar of Fedhas.
    73 | D        | Became a worshipper of Qazlal Stormbringer
    78 | D        | Killed Jessica
    78 | D        | Reached * piety under Qazlal
    82 | D        | Found a glowing silver altar of Zin.
    83 | D        | Found a glowing golden altar of the Shining One.
    84 | D        | Found Zisu's Distillery.
    85 | D        | Found Cyv Araonwa's Distillery.
    85 | D        | Found Logeugilemn's Bottled Wisdom.
    86 | D        | Found a roughly hewn altar of Beogh.
    86 | D        | Found a burning altar of Makhleb.
    86 | D        | Found a sacrificial altar of Ru.
    86 | D        | Found Iciwnu Ucve's Do-It-Yourself Clinic.
   128 | D        | Arena points: 14 (+14) [x2]
   199 | D        | Round 2.
   224 | D        | Reached ** piety under Qazlal
   263 | D        | Noticed a water moccasin
   273 | D        | Killed a water moccasin
   273 | D        | Reached *** piety under Qazlal
   273 | D        | Arena points: 56 (+42) [x3]
   274 | D        | Reached XP level 6. HP: 45/56 MP: 8/11
   334 | D        | Round 3.
   361 | D        | Reached **** piety under Qazlal
   426 | D        | Arena points: 140 (+84) [x4]
   450 | D        | Bought a +0 broad axe for 120 gold pieces
   480 | D        | Round 4.
   486 | D        | Noticed a vampire mosquito
   490 | D        | Killed a vampire mosquito
   490 | D        | Reached ***** piety under Qazlal
   491 | D        | Reached XP level 7. HP: 55/61 MP: 11/13
   502 | D        | Noticed a seven-headed hydra
   507 | D        | Killed a seven-headed hydra
   508 | D        | Reached XP level 8. HP: 67/68 MP: 4/17
   513 | D        | Noticed a tyrant leech
   522 | D        | Killed a tyrant leech
   544 | D        | Noticed a bog body
   547 | D        | Noticed a tyrant leech
   549 | D        | Killed a bog body
   550 | D        | Reached XP level 9. HP: 68/74 MP: 7/20
   566 | D        | Killed a tyrant leech
   567 | D        | Reached skill level 15 in Invocations
   569 | D        | Noticed a bog body
   577 | D        | Killed a bog body
   601 | D        | Arena points: 300 (+160) [x5]
   668 | D        | Round 5.
   672 | D        | Noticed a naga warlord
   679 | D        | HP: 2/74 [constriction (4)]
   681 | D        | Constricted to death by a naga warlord

Illustrated notes

Levels and vault maps discovered:
D:        arena_sprint

Skill      XL: |  1  2  3  4  5  6  7  8  9 |
---------------+----------------------------+-----
Fighting       | 5 |  5.0
Axes           | 10 12 13 16 17 18 | 18.0
Armour         | 6 |  6.0
Stealth        | 1 |  1.8
Shields        | 6 |  6.0
Invocations    | 7 9 12 14 18 | 18.0
Dodging        | |  0.4

Action                   |  1- 3 |  4- 6 |  7- 9 || total
-------------------------+-------+-------+-------++-------
Melee: War axe           |     4 |    24 |       ||    28
       Broad axe         |       |     2 |    32 ||    34
Invok: Upheaval          |       |       |     4 ||     4
       Elemental Force   |       |       |     1 ||     1
Evoke: Wand              |       |     3 |       ||     3
  Use: Potion            |       |       |     1 ||     1
Armor: Scale mail        |     3 |     5 |       ||     8
Dodge: Dodged            |     2 |    15 |     4 ||    21
Block: Buckler           |     1 |     7 |     7 ||    15

Table legend: (Time is in decaauts)
 A = Elapsed time spent in this place.
 B = Non-inter-level travel time spent in this place.
 C = Inter-level travel time spent in this place.
 D = Time resting spent in this place.
 E = Time spent auto-exploring this place.
 F = Levels seen in this place.
 G = Mean time per level.
                   A        B        C        D        E       F      G
               +--------+--------+--------+--------+--------+-----+--------+
         Total |    672 |    672 |      0 |    139 |      0 |   1 |  672.0 |
       Dungeon |    672 |    672 |      0 |    139 |      0 |   1 |  672.0 |
               +--------+--------+--------+--------+--------+-----+--------+

Top non-repeatable levels by time:
       D: 672 daAuts
